 Dungeon Crawl Stone Soup version 0.28.0 (webtiles) character file.

Game seed: 7191677378524098317

67 eruditious the Shield-Bearer (level 4, 0/37 HPs)
             Began as a Formicid Fighter on Feb 17, 2022.
             Succumbed to an adder's poison
             ... on level 2 of the Dungeon.
             The game lasted 00:07:29 (1472 turns).

eruditious the Shield-Bearer (Formicid Fighter)     Turns: 1472, Time: 00:07:30

Health: 0/37       AC:  8    Str: 20    XL:     4   Next: 40%
Magic:  4/4        EV:  9    Int: 10    God:
Gold:   16         SH:  4    Dex: 10    Spells: 3/3 levels left

rFire   . . .      SeeInvis +   a - +0 war axe
rCold   . . .      Faith    .   c - +0 buckler
rNeg    . . .      Spirit   .   b - +0 scale mail
rPois   .          Reflect  .   (helmet unavailable)
rElec   .          Harm     .   j - +0 cloak
rCorr   .          Rampage  .   (no gloves)
Will    .....                   (no boots)
Stlth   ..........              (no amulet)
HPRegen 0.12/turn               (no ring)
MPRegen 0.09/turn               (no ring)

@: lethally poisoned (0 -> -10), flying
A: permanent stasis, dig shafts and tunnels, antennae 3, four strong arms
a: Dig, Shaft Self


You were on level 2 of the Dungeon.
You visited 1 branch of the dungeon, and saw 2 of its levels.

You collected 16 gold pieces.

Inventory:

Hand Weapons
 a - a +0 war axe (weapon)
Missiles
 i - 111 stones (quivered)
 l - a throwing net
Armour
 b - a +0 scale mail (worn)
 c - a +0 buckler (worn)
 j - a +0 cloak (worn)
Jewellery
 e - a ring of wizardry
Scrolls
 h - 3 scrolls of identify {unknown}
Potions
 d - a potion of might
 k - a potion of curing {unknown}


   Skills:
 + Level 3.9 Fighting
 + Level 2.7 Axes
 + Level 3.9 Armour
 + Level 4.3 Shields


You had 3 spell levels left.
You didn't know any spells.
Your spell library was empty.

Dungeon Overview and Level Annotations

Branches:
Dungeon (2/15)

Altars:


Innate Abilities, Weirdness & Mutations

You cannot be hasted, slowed, berserked, paralysed or teleported.
You can dig through walls and to a lower floor.
You have a pair of large antennae on your head. (SInv)
Your four strong arms can wield two-handed weapons with a shield.


Message History

You hit the goblin.
The goblin is heavily wounded.
You closely miss the adder. The goblin hits you but does no damage.
The adder bites you.
You are poisoned.
The adder poisons you! You block the adder's attack.
The goblin barely misses you.
You barely miss the goblin.
The goblin is heavily wounded.
You hit the adder but do no damage.
You feel sick. The adder bites you.
You are more poisoned.
The adder poisons you! You block the goblin's attack.
Unknown command.
You hit the adder but do no damage. You hit the goblin.
You feel very sick. The adder bites you but does no damage.
The goblin hits you with a +0 club. The adder bites you.
You are more poisoned.
The adder poisons you!
You barely miss the adder. You barely miss the goblin.
* * * LOW HITPOINT WARNING * * *
You feel very sick. The adder barely misses you. The goblin closely misses you.
The adder bites you.
* * * LOW HITPOINT WARNING * * *
You are more poisoned.
The adder poisons you!
* * * LOW HITPOINT WARNING * * *
You feel very sick.
The goblin unwields a +0 club.
The goblin wields a +2 vorpal hunting sling.
The goblin shoots a stone.
The stone barely misses you.
It was a potion of magic.
Magic courses through your body.
* * * LOW HITPOINT WARNING * * *
You feel very sick. The adder bites you but does no damage.
It was a potion of flight.
You feel very buoyant.
You fly up into the air.
You die...

...##.# ##.##.# .#^##.#
##### #### .#8##.#
##...##...## .#^#..#
##..........## ##.#.####
#............#
##.#....####.........(..#
.................g?......
##...##...#.....@S†....#
########..##............
##...............
##..........#...
<..####..#### ## #..###
#### ...# ####


You could see an adder and a goblin.

Vanquished Creatures
  3 gnolls (D:2)
  2 dart slugs (D:1)
  4 bats
  An endoplasm (D:2)
  4 goblins
  6 hobgoblins
  2 jackals (D:2)
  A quokka (D:2)
  3 ball pythons
  4 frilled lizards (D:1)
  3 kobolds (D:1)
  2 rats (D:1)
35 creatures vanquished.

Notes
Turn   | Place    | Note
-------+----------+-------------------------------------------
     0 | D:1      | eruditious the Formicid Fighter began the quest for the
                  | Orb.
     0 | D:1      | Reached XP level 1. HP: 18/18 MP: 1/1
   340 | D:1      | Reached XP level 2. HP: 18/24 MP: 2/2
   938 | D:1      | Reached skill level 4 in Shields
   938 | D:1      | Reached XP level 3. HP: 28/29 MP: 3/3
  1168 | D:2      | Reached XP level 4. HP: 35/37 MP: 4/4
  1472 | D:2      | Succumbed to an adder's poison

Illustrated notes

Levels and vault maps discovered:
D:1:      dpeg_arrival_short_road, layout_basic
D:2:      layout_rooms, ebering_dispersal_statue_hall

Skill      XL: |  1  2 |
---------------+-------+-----
Shields        | 4 |  4.3
Fighting       | |  3.9
Axes           | |  2.7
Armour         | |  3.9

Action                   |  1- 3 |  4- 6 || total
-------------------------+-------+-------++-------
Melee: War axe           |    68 |    31 ||    99
Throw: Stone             |    41 |     4 ||    45
  Use: Potion            |       |     2 ||     2
Armor: Scale mail        |    30 |    22 ||    52
Dodge: Dodged            |    39 |    24 ||    63
Block: Buckler           |    18 |     9 ||    27
